 BcadrenCrawl: Boulder Brew version 0.05.21-81-gd28e3044bd (webtiles) character file.

Game seed: 6636874712771497698, levelgen mode: deterministic

95378 theanonym the Executioner (level 15, -6/159 HPs) Minotaur Noble. Began on Sept 6, 2021. Was the Champion of Makhleb. Mangled by an ettin ... wielding a +0 dire flail (21 damage) ... on level 2 of the Orcish Mines. The game lasted 00:46:40 (19500 turns).

theanonym the Executioner (Minotaur Noble)         Turns: 19500, Time: 00:46:40

Health: -6/159     AC: 30    Str: 28      XL:     15 ^: 17008
Magic:  15/15      EV: 10    Int:  3 (7)  God:    Makhleb [6* [200]]
Gold:   2530       SH:  0    Dex: 10      Spells: 7/16 levels left

rFire    + + .     Vision   .   m - +0 broad axe (molten)
rCold    + . .     Gourm    .   a - +0 broad axe (freeze)
rNeg     . . .     Faith    .   c - +6 gold dragon scales
rCorr    + . .     Spirit   .   H - +1 hat
rPois    +         Reflect  .   p - +0 cloak {rPois}
rElec    .         Harm     .   R - +0 pair of gloves {Str+3}
MR       +....                  n - +0 pair of boots
Stlth    ..........             J - amulet of Vitality {Regen+ HP+15}
HPRegen  1.03/turn              K - ring of Juaroon {+Blink rPois rF+ AC+5}
MPRegen  0.25/turn              Q - ring of resist corrosion

@: heavily drained
A: horns, retaliatory headbutt 2, carnivore, deformed body 1
a: Minor Destruction, Lesser Servant of Makhleb, Major Destruction, Greater
Servant of Makhleb, Renounce Religion, Evoke Blink


Innate Abilities, Weirdness & Mutations

You reflexively attack those that strike you in melee with your horns.
You are carnivorous and can eat meat at any time.
Armour fits poorly on your strangely shaped body.


   Skills:
 + Level 16.0(14.4) Fighting
 * Level 21.4(19.6) Axes & Hammers
 + Level 16.0(14.4) Armour
 - Level 5.0(3.8) Dodging
 - Level 0.7(0.0) Stealth
 - Level 1.0(0.0) Spellcasting


You had 7 spell levels left.
You knew the following spells:

 Your Spells              Type           Power        Failure   Level  Hunger
r - Regeneration Chrm/Necr 0 (200) 100% 3 120-180 t - Deflect Missiles Chrm/Air       0 (200)      100%        6    440-660

Your spell library contained the following spells:

 Spells                   Type           Power        Failure   Level  Hunger
 Freeze Ice 0 (25) 95% 1 40-60 Magic Candle Hex/Fire 0 (90) 95% 1 40-60 Pain Hex/Necr 0 (25) 95% 1 40-60 Ensorcelled Hibernation Hex/Ice 0 (50) 99% 2 80-120 Slow Hex 0 (100) 99% 2 80-120 Throw Frost Ice 0 (50) 99% 2 80-120 Blinding Spray Hex/Pois 0 (50) 100% 3 120-180 Confuse Hex 0 (100) 100% 3 120-180 Inner Flame Hex/Fire 0 (100) 100% 3 120-180 Ozocubu's Armour Chrm/Ice 0 (100) 100% 3 120-180 Portal Projectile Chrm/Tloc 0 (50) 100% 3 120-180 Pryten's Skeletal Upris Chrm/Necr 0 (200) 100% 3 120-180 Tukima's Dance Hex 0 (100) 100% 3 120-180 Vampiric Draining Necr 0 (200) 100% 3 120-180 Animate Dead Necr N/A 100% 4 200-300 Cause Fear Hex 0 (200) 100% 4 200-300 Fulminant Prism Hex 0 (200) 100% 4 200-300 Hailstorm Ice 0 (100) 100% 4 200-300 Ice Form Ice/Tmut 0 (100) 100% 4 200-300 Leda's Liquefaction Tmut/Erth 0 (200) 100% 4 200-300 Summon Ice Beast Ice/Summ 0 (100) 100% 4 200-300 Throw Icicle Ice 0 (100) 100% 4 200-300 Bolt of Magma Fire/Erth 0 (200) 100% 5 320-480 Silence Hex/Air 0 (200) 100% 5 320-480 Summon Lightning Spire Summ/Air 0 (100) 100% 5 320-480 Bolt of Cold Ice 0 (200) 100% 6 440-660 Conjure Ball Lightning Air 0 (200) 100% 6 440-660 Freezing Cloud Ice/Air 0 (200) 100% 6 440-660 Iron Shot Erth 0 (200) 100% 6 440-660 Ozocubu's Refrigeration Ice 0 (200) 100% 6 440-660 Simulacrum Ice/Necr 0 (200) 100% 6 440-660 Statue Form Tmut/Erth 0 (150) 100% 6 440-660 Tunneling Erth 0 (200) 100% 6 440-660 Icicle Cascade Ice 0 (200) 100% 8 680-1020 Shatter Erth 0 (200) 100% 9 800-1200 Tornado Air            0 (200)      100%        9    800-1200

Skill      XL: |  1  2  3  4  5  6  7  8  9 10 11 12 13 14 15 |
---------------+----------------------------------------------+-----
Axes & Hammers | 1 2 3 5 6 7 10 12 13 15 17 18 20 21 | 21.4
Armour         | 1 2 3 4 5 7 8 10 11 12 14 15 16 | 16.0
Fighting       | 2 3 4 5 7 9 10 11 13 14 15 16 | 16.0
Dodging        | 2 5 |  5.0
Stealth        | |  0.7
Spellcasting   | |  1.0

Action                   |  1- 3 |  4- 6 |  7- 9 | 10-12 | 13-15 || total
-------------------------+-------+-------+-------+-------+-------++-------
Melee: Broad axe         |   179 |   118 |   269 |   662 |  1531 ||  2759
       Unarmed           |   166 |    89 |    77 |     2 |    11 ||   345
       Headbutt          |     2 |    16 |    62 |   140 |   209 ||   429
       Hatchet           |       |       |   115 |   254 |       ||   369
       War axe           |       |       |       |    37 |       ||    37
       Scimitar          |       |       |       |       |    18 ||    18
Evoke: Wand              |       |       |       |     2 |     9 ||    11
  Use: Scroll            |       |     2 |     3 |     5 |     8 ||    18
       Potion            |       |       |       |     1 |     6 ||     7
 Stab: Confused          |       |       |       |     1 |       ||     1
       Invisible         |       |       |       |       |     1 ||     1
       Held in net/web   |       |       |       |       |     1 ||     1
  Eat: Chunk             |       |     4 |    10 |    15 |    31 ||    60
       Ration            |       |       |       |     1 |     2 ||     3
Armor: Gold dragon scale |   189 |    98 |   272 |   657 |  1043 ||  2259
Dodge: Dodged            |    51 |    34 |    78 |   154 |   332 ||   649
       Rpst.: Scimitar   |       |       |       |       |     3 ||     3

Inventory:

Weapons
 a - a +0 broad axe of freezing (weapon)
 m - a +0 broad axe of molten steel (weapon)
Armour
 c - +6 gold dragon scales (worn)
 n - a +0 pair of boots (worn)
 p - a +0 cloak of poison resistance (worn)
 H - a +1 hat (worn)
 R - a +0 pair of gloves of strength (worn)
 T - a +1 pair of gloves of insulation {rElec}
Jewellery
 x - a cursed ring of protection from magic {(Curse: *Contam)}
 z - an uncursed ring of protection
 C - an uncursed ring of positive energy {rN+}
 E - an uncursed ring of fire {rF++ rC-}
 J - the amulet of Vitality (around neck) {Regen+ HP+15}

   [amulet of regeneration]

   It affects your health (+15).
   It increases your rate of regeneration.
 K - the ring of Juaroon (left hand) {+Blink rPois rF+ AC+5}

   [ring of protection]

   It affects your AC (+5).
   It protects you from fire.
   It protects you from poison.
   It lets you blink.
 M - an uncursed ring of ice {rC++ rF-}
 P - an uncursed ring of wizardry
 Q - a ring of resist corrosion (right hand)
Wands
 v - a wand of acid (6)
 w - a wand of flame (28)
 F - a wand of polymorph (16)
 G - a wand of hasting (5)
 I - a wand of enslavement (3)
 L - a wand of ensnaring (5)
 N - a wand of iceblast (41)
Scrolls
 d - 5 scrolls of immolation
 f - 8 scrolls of fog
 h - 3 scrolls of summoning
 k - 3 scrolls of fear
 t - 11 scrolls of teleportation
 y - 2 scrolls of magic mapping
 B - 2 scrolls of blinking
 D - 2 scrolls of holy word
Potions
 g - 7 potions of mutation
 i - 2 potions of lignification
 j - 2 potions of agility
 l - 3 potions of ambrosia
 o - 2 potions of cancellation
 q - 5 potions of heal wounds
 u - 8 potions of curing
 O - 3 potions of cure mutation
 S - a potion of brilliance
Comestibles
 b - 20 chunks of flesh
 e - 51 rations


You were on level 2 of the Orcish Mines.
You worshipped Makhleb.
Makhleb was exalted by your worship.
You were not hungry.

You visited 4 branches of the dungeon, and saw 17 of its levels.
You visited the Abyss 1 time.
You also visited: Ice Cave, Volcano and Market.

You collected 2535 gold pieces.
You spent 1005 gold pieces at shops.

Dungeon Overview and Level Annotations

Branches:
Dungeon (8/8)              Temple (1/1) D:4            Lair (6/6) D:5
  Swamp (0/4) Lair:3        Snake (0/4) Lair:3        Slime (0/5) Lair:6
    Orc (2/2) D:6             Elf (0/3) Orc:2        Vaults (0/5) D:7
 Depths (0/5) D:8           IceCv (visited)         Volcano (visited)

Altars:
Cheibriados
Dithmenos
Elyvilon
Fedhas Madash
Gozag Ym Sagoz
Hepliaklqana
Kikubaaqudgha
Makhleb
Nemelex Xobeh
Okawaru
Qazlal
Ru
Sif Muna
Trog
Uskayaw
Vehumet
Wu Jian
Xom
Yredelemnul
Zin
The Shining One
Beogh

Shops:
D:4 [

Annotations:
Orc:2 1 runed translucent door, diana's ghost, journeyman DrDg

...#..).##....#.###
.........#.#))....###
#.####...............
#......#..#.....
#....)5§...#....
...#....o3..c3.....
.......§§§.........
...#...)#))..o.....
...#...o.)@C.o.#...
.. #......)........
#.........o....#
.........o.......
..................
..................
................
...............


You could see an ettin, 2 neqoxecs, an orc sorcerer, a centaur, 5 orc priests
and a white imp.

Notes
Turn   | Place    | Note
-------+----------+-------------------------------------------
     0 | Start Ma | theanonym the Minotaur Noble began the quest for the Orb.
     0 | Start Ma | Reached XP level 1. HP: 16/16 MP: 1/1
     0 | Start Ma | Found Teocsec's Mashing MeleeMart.
     6 | Start Ma | Bought a +0 broad axe for 160 gold pieces
     8 | Start Ma | Found Maised's Expert Tomes.
    12 | Start Ma | Found Ecergh's Auxillary Armour.
    15 | Start Ma | Bought +0 gold dragon scales for 800 gold pieces
    35 | D:1      | theanonym set off with the following items: a +0 broad axe,
                  | +0 gold dragon scales, a ration
    46 | D:1      | Reached skill level 1 in Axes & Hammers
    73 | D:1      | HP: 8/16 [cinder newt (1)]
    78 | D:1      | HP: 8/16 [hobgoblin/+0 club (1)]
    88 | D:1      | Reached XP level 2. HP: 14/23 MP: 2/2
   128 | D:1      | Reached skill level 1 in Armour
   194 | D:1      | Reached skill level 2 in Fighting
   194 | D:1      | Reached skill level 2 in Axes & Hammers
   290 | D:1      | Reached XP level 3. HP: 18/29 MP: 3/3
   563 | D:1      | Reached skill level 2 in Armour
   580 | D:1      | Reached skill level 3 in Axes & Hammers
   580 | D:1      | Reached XP level 4. HP: 37/37 MP: 4/4
  1034 | D:1      | Reached skill level 3 in Fighting
  1082 | D:2      | Noticed a water moccasin
  1088 | D:2      | Reached XP level 5. HP: 42/45 MP: 5/5
  1092 | D:2      | Killed a water moccasin
  1092 | D:2      | Reached skill level 4 in Axes & Hammers
  1092 | D:2      | Reached skill level 3 in Armour
  1264 | D:2      | HP: 21/45 [acid (9)]
  1265 | D:2      | Reached skill level 5 in Axes & Hammers
  1265 | D:2      | Reached XP level 6. HP: 25/52 MP: 6/6
  1408 | D:2      | Reached skill level 4 in Fighting
  1458 | D:2      | Reached skill level 4 in Armour
  1618 | D:2      | Reached skill level 6 in Axes & Hammers
  1712 | D:2      | Reached XP level 7. HP: 60/60 MP: 7/7
  2055 | D:2      | Found a bloodstained altar of Trog.
  2159 | D:2      | Reached skill level 5 in Fighting
  2367 | D:2      | Reached skill level 7 in Axes & Hammers
  2528 | D:2      | Reached skill level 5 in Armour
  2726 | D:2      | Reached XP level 8. HP: 69/69 MP: 8/8
  2735 | D:2      | Reached skill level 8 in Axes & Hammers
  2751 | D:2      | Found a white marble altar of Elyvilon.
  2802 | D:3      | Found a transporter.
  2904 | D:3      | Found a blossoming altar of Fedhas.
  2919 | D:3      | Reached skill level 6 in Fighting
  2932 | D:3      | Found a basalt altar of Yredelemnul.
  2934 | D:3      | Found a hazy altar of Hepliaklqana.
  2936 | D:3      | Noticed a rock worm
  2941 | D:3      | Found a transporter.
  3005 | D:3      | Reached skill level 6 in Armour
  3055 | D:3      | Reached skill level 9 in Axes & Hammers
  3120 | D:3      | HP: 38/86 [gnoll/+0 spear (7)]
  3219 | D:3      | Found a burning altar of Makhleb.
  3220 | D:3      | Identified a scroll of acquirement
  3222 | D:3      | Found a glowing golden altar of the Shining One.
  3224 | D:3      | Found a snail-covered altar of Cheibriados.
  3224 | D:3      | Found a shimmering altar of Xom.
  3247 | D:3      | Became a worshipper of Makhleb the Destroyer
  3695 | D:4      | Noticed Harold
  3744 | D:4      | Noticed Psyche
  3744 | D:4      | Noticed Maurice
  3750 | D:3      | Killed Psyche
  3750 | D:3      | Reached skill level 7 in Fighting
  3750 | D:3      | Reached skill level 10 in Axes & Hammers
  3750 | D:3      | Reached skill level 7 in Armour
  3750 | D:3      | Reached XP level 9. HP: 79/79 MP: 9/9
  3771 | D:4      | Killed Maurice
  3819 | D:4      | Reached * piety under Makhleb
  3951 | D:4      | HP: 43/95 [Harold/cursed +2 halberd of venom {(Curse:
                  | Fragile)} (23)]
  3957 | D:4      | HP: 46/95 [porcupine's spines (1)]
  4057 | D:4      | Reached skill level 8 in Fighting
  4057 | D:4      | Reached skill level 11 in Axes & Hammers
  4059 | D:4      | Reached ** piety under Makhleb
  4089 | D:4      | Reached skill level 8 in Armour
  4203 | D:4      | Killed Harold
  4203 | D:4      | Reached skill level 9 in Fighting
  4203 | D:4      | Reached skill level 12 in Axes & Hammers
  4203 | D:4      | Reached XP level 10. HP: 79/91 MP: 10/10
  4283 | D:4      | Found Ceiwkena's Armour Shop.
  4293 | D:4      | Bought a +0 pair of gloves for 45 gold pieces
  4346 | D:4      | Found a staircase to the Ecumenical Temple.
  4352 | Temple   | Entered the Ecumenical Temple
  4592 | D:4      | Reached skill level 9 in Armour
  4741 | D:5      | Entered Level 5 of the Dungeon
  4839 | D:5      | Identified the cursed ring of Juaroon {+Blink rPois rF+
                  | AC+5, (Curse: Stlth-)}
  4847 | D:5      | HP: 50/106 [orc warrior/+0 glaive (11)]
  4866 | D:5      | HP: 23/106 [orc warrior/+0 dire flail (21)]
  5052 | D:5      | Reached *** piety under Makhleb
  5059 | D:5      | Reached skill level 13 in Axes & Hammers
  5209 | D:5      | Reached skill level 10 in Fighting
  5248 | D:5      | Identified the cursed ring "Ditup" {MR+ Dex+5, (Curse:
                  | Fragile)}
  5252 | D:5      | Reached skill level 10 in Armour
  5352 | D:5      | Found a staircase to the Lair.
  5363 | D:5      | Reached XP level 11. HP: 100/100 MP: 11/11
  5371 | D:5      | Reached **** piety under Makhleb
  5741 | D:5      | Found a staircase to the Lair.
  5996 | D:6      | Reached skill level 14 in Axes & Hammers
  6265 | D:6      | Found a staircase to the Orcish Mines.
  6273 | D:6      | Found a roughly hewn altar of Beogh.
  6420 | D:6      | Noticed Azrael
  6449 | D:6      | HP: 55/116 [Azrael/hellfire blast (40)]
  6456 | D:6      | HP: 34/116 [Azrael] (4)]
  6458 | D:6      | Killed Azrael
  6458 | D:6      | Reached skill level 11 in Fighting
  6577 | D:6      | Reached ***** piety under Makhleb
  6738 | D:6      | Reached skill level 11 in Armour
  6826 | D:6      | Reached skill level 15 in Axes & Hammers
  7013 | D:7      | Found a shadowy altar of Dithmenos.
  7013 | D:7      | HP: 56/117 [komodo dragon (shapeshifter) (6)]
  7024 | D:7      | HP: 50/117 [spiny frog (shapeshifter) (17)]
  7274 | D:7      | Found a stormy altar of Qazlal.
  7376 | D:7      | Reached XP level 12. HP: 110/110 MP: 12/12
  7444 | D:7      | Identified An Initiation to the Arcane Arts (You acquired
                  | it on level 7 of the Dungeon)
  7470 | D:7      | Reached skill level 16 in Axes & Hammers
  7470 | D:7      | Reached skill level 12 in Fighting
  7474 | D:7      | HP: 56/127 [komodo dragon (15)]
  7477 | D:7      | Reached skill level 12 in Armour
  7599 | D:7      | Found a gate to the Vaults.
  7753 | D:7      | Identified the +0 ring mail of Levity {-Cast Int+5 Dex+5}
  8065 | D:8      | Entered Level 8 of the Dungeon
  8081 | D:8      | Found a frozen archway.
  8101 | IceCv    | Entered an ice cave
  8184 | IceCv    | HP: 58/127 [freezing wraith (10)]
  8278 | IceCv    | HP: 60/128 [freezing wraith (9)]
  8487 | IceCv    | Found an ancient bone altar of Kikubaaqudgha.
  8517 | IceCv    | HP: 28/64 [troll simulacrum (7)]
  8517 | IceCv    | HP: 1/64 [troll simulacrum (17)]
  8803 | IceCv    | Reached skill level 17 in Axes & Hammers
  8811 | IceCv    | Reached ****** piety under Makhleb
  8829 | IceCv    | HP: 63/128 [necromancer/bolt of acid (7)]
  9052 | D:8      | Noticed an ice dragon
  9061 | D:8      | HP: 64/128 [ice dragon/blast of cold (18)]
  9065 | D:8      | Killed an ice dragon
  9146 | D:8      | Noticed a boulder beetle
  9157 | D:8      | Killed a boulder beetle
  9157 | D:8      | Reached skill level 13 in Fighting
  9157 | D:8      | Reached XP level 13. HP: 97/122 MP: 13/13
  9217 | D:8      | Reached skill level 13 in Armour
  9317 | D:8      | HP: 68/137 [cyclops/boulder (9)]
  9321 | D:8      | HP: 22/137 [cyclops/boulder (12)]
  9467 | D:8      | Noticed Sonja
  9477 | D:8      | Killed Sonja
  9607 | D:8      | Cast into level 2 of the Abyss (a wizard)
  9607 | Abyss:2  | Found a corrupted altar of Lugonu.
  9642 | D:8      | Escaped the Abyss
  9686 | D:8      | Found a white marble altar of Elyvilon.
  9710 | D:8      | HP: 49/137 [wizard/crystal spear (37)]
  9715 | D:8      | HP: 49/137 [wizard/cursed +1 dagger of pain {(Curse:
                  | Fragile)} (5)]
  9819 | D:8      | Found a radiant altar of Vehumet.
  9821 | D:8      | Found an iron altar of Okawaru.
  9830 | D:8      | Found a shimmering blue altar of Sif Muna.
  9948 | D:8      | Found a staircase to the Depths.
  9954 | D:8      | Reached skill level 18 in Axes & Hammers
  9957 | D:8      | HP: 60/137 [two-headed ogre/+0 giant spiked club (10)]
 10228 | Lair:1   | Entered Level 1 of the Lair of Beasts
 10327 | Lair:1   | HP: 60/138 [mummy priest/divine providence (11)]
 10337 | Lair:1   | HP: 67/138 [something (9)]
 10344 | Lair:1   | HP: 47/138 [shadow[a mummy priest's death curse] (2)]
 10352 | Lair:1   | HP: 65/138 [wolf spider (11)]
 10578 | Lair:1   | Identified the +9 dagger of Wyrd {pain, rN+ MP+9 Dex+3}
 10656 | Lair:1   | HP: 66/138 [black mamba (12)]
 10661 | Lair:1   | HP: 66/138 [poisoned by a black mamba]
 10666 | Lair:1   | HP: 68/138 [poisoned by a black mamba]
 10671 | D:5      | HP: 51/138 [poisoned by a black mamba]
 10677 | D:5      | HP: 63/138 [poisoned by a black mamba]
 10685 | D:5      | HP: 69/138 [poisoned by a black mamba]
 10769 | Lair:1   | HP: 68/138 [seven-headed hydra (4)]
 10774 | Lair:1   | Reached skill level 1 in Dodging
 11048 | Lair:1   | Reached skill level 14 in Fighting
 11061 | Lair:1   | Reached skill level 2 in Dodging
 11131 | Lair:1   | Reached skill level 14 in Armour
 11521 | Lair:2   | Connectivity tunneler affected minmay_ossuary_gauntlet.
 11671 | Lair:2   | Reached XP level 14. HP: 132/132 MP: 14/14
 11896 | Lair:2   | Reached skill level 3 in Dodging
 11924 | Lair:2   | Reached skill level 19 in Axes & Hammers
 12599 | Lair:3   | Found a dark tunnel.
 12608 | Volcano  | Entered a volcano
 12709 | Volcano  | Found a radiant altar of Vehumet.
 12717 | Volcano  | Reached skill level 4 in Dodging
 12788 | Volcano  | HP: 63/148 [red draconian/+0 broad axe of molten steel
                  | (16)]
 13095 | Lair:3   | Found a staircase to the Swamp.
 13568 | Lair:3   | Found a staircase to the Snake Pit.
 13927 | Lair:4   | Reached skill level 5 in Dodging
 14554 | Lair:4   | Learned a level 3 spell: Regeneration
 14561 | Lair:4   | Learned a level 6 spell: Deflect Missiles
 14832 | Lair:5   | Reached skill level 20 in Axes & Hammers
 14926 | Lair:5   | Reached skill level 15 in Fighting
 14947 | Lair:5   | Reached skill level 15 in Armour
 15491 | Lair:6   | Entered Level 6 of the Lair of Beasts
 15491 | Lair:6   | Noticed Josephine
 15671 | Lair:6   | Reached XP level 15. HP: 141/141 MP: 15/15
 15804 | Lair:6   | Found a shimmering altar of Xom.
 16031 | Lair:6   | Found a staircase to the Slime Pits.
 16115 | Lair:6   | HP: 69/156 [Josephine] (12)]
 16120 | Lair:6   | HP: 73/156 [spectral eight-headed hydra[Josephine] (1)]
 16129 | Lair:6   | HP: 48/156 [spectral spiny frog[Josephine] (2)]
 16453 | Lair:6   | Identified the cursed +5 battleaxe "Hiakae" {chop, Str+10,
                  | (Curse: rC-)}
 16734 | Lair:6   | Found a staircase to the Slime Pits.
 16840 | Lair:6   | Killed Josephine
 17220 | Lair:6   | Found a shimmering altar of Xom.
 17561 | D:3      | Reached skill level 21 in Axes & Hammers
 17688 | Orc:1    | Entered Level 1 of the Orcish Mines
 17829 | Orc:2    | Entered Level 2 of the Orcish Mines
 17829 | Orc:2    | Found a runed translucent door.
 17829 | Orc:2    | Noticed diana's ghost (journeyman DrDg)
 17854 | Orc:2    | Found a staircase to the Elven Halls.
 18535 | Orc:1    | HP: 74/158 [orc priest/divine providence (12)]
 18785 | Orc:2    | HP: 73/158 [ice devil[an orc sorcerer] (9)]
 18790 | Orc:2    | HP: 58/158 [ice devil[an orc sorcerer] (7)]
 18801 | Orc:2    | HP: 27/158 [centaur/arrow (9)]
 19102 | Orc:2    | HP: 69/158 [orc knight/+0 great mace (29)]
 19113 | Orc:2    | HP: 56/158 [orc warrior/+0 great mace (31)]
 19118 | Orc:2    | HP: 66/158 [centaur/bolt (3)]
 19122 | Orc:2    | Reached skill level 16 in Fighting
 19260 | Orc:2    | Reached skill level 16 in Armour
 19285 | Orc:2    | HP: 72/159 [orc priest/divine providence (16)]
 19295 | Orc:2    | HP: 68/159 [orc priest/divine providence (12)]
 19490 | Orc:2    | Gained mutation: Armour fits poorly on your strangely
                  | shaped body. [a neqoxec]
 19497 | Orc:2    | HP: 64/159 [ettin/+0 dire flail (20)]
 19499 | Orc:2    | HP: 22/159 [orc priest/divine providence (12)]
 19500 | Orc:2    | Gained mutation: You are carnivorous and can eat meat at
                  | any time. [a neqoxec]
 19500 | Orc:2    | Mangled by an ettin

Vanquished Creatures
  A red draconian (Volcano)
  Azrael (D:6)
  A fire dragon (D:8)
  2 mummy priests (Lair:1)
  An ice dragon (D:8)
  Harold (D:4)
  Josephine (Lair:6)
  4 boulder beetles
  A deep troll earth mage (D:8)
  An ogre mage (D:8)
  A stone giant (Orc:2)
  An orc high priest (Orc:1)
  A swooping magpie (Lair:5)
  3 two-headed ogres (D:8)
  Sonja (D:8)
  A deep elf knight (D:7)
  A vault guard (D:7)
  A salamander mystic (Volcano)
  An anaconda (Lair:6)
  3 hydras
  5 orc knights
  3 wizards (D:8)
  A necromancer (IceCv)
  4 centaur warriors
  A deep elf mage (D:8)
  A rock worm (D:3)
  3 orc sorcerers
  An oklob plant (Lair:5)
  2 manticores
  12 giraffes
  4 salamanders (Volcano)
  2 molten gargoyles (Volcano)
  An ice statue (IceCv)
  16 spiny frogs
  9 black mambas
  Maurice (D:4)
  6 ugly things
  11 freezing wraiths
  4 rime drakes
  4 elephants (Lair:6)
  5 trolls
  3 wolf spiders
  A yaktaur (D:8)
  A spiny frog (shapeshifter) (D:6)
  Psyche (D:3)
  A tengu conjurer (D:7)
  An efreet (D:7)
  17 komodo dragons
  11 polar bears
  5 wraiths
  13 blink frogs
  5 dream sheep (Lair:5)
  4 raiju (Lair:6)
  5 hippogriffs
  4 cyclopes
  3 slime creatures
  5 wyverns
  A hydra zombie (Lair:2)
  7 yaks
  A shadow (D:8)
  2 acid dragons (D:7)
  3 fire elementals (D:6)
  7 fire bats (Volcano)
  4 guardian mummies (Lair:2)
  7 basilisks
  A redback (Lair:1)
  4 vampire mosquitoes
  2 wolf spider zombies (D:7)
  A death yak simulacrum (IceCv)
  9 wargs
  18 water moccasins
  15 hell hounds
  2 scorpions
  38 orc warriors
  17 porcupines
  An elephant zombie (Lair:2)
  10 ice beasts
  An ice beast (shapeshifter) (D:8)
  16 black bears
  A sky beast (D:4)
  An eye of draining (D:8)
  7 ogres
  22 wolves
  A wolf spider simulacrum (IceCv)
  14 crocodiles
  3 komodo dragon zombies (Lair:2)
  4 big kobolds
  A gnoll sergeant (D:4)
  24 bullfrogs
  A yak zombie (Lair:2)
  A polar bear zombie (Lair:2)
  12 centaurs
  2 draconian simulacra (IceCv)
  A harpy skeleton (D:7)
  9 wights (D:5)
  5 killer bees
  2 electric eels (Lair:2)
  A polar bear simulacrum (IceCv)
  A spriggan simulacrum (IceCv)
  9 troll simulacra (IceCv)
  A rime drake zombie (Lair:2)
  A hornet zombie (D:4)
  3 hounds
  11 jellies
  6 lava snakes (Volcano)
  21 orc priests
  16 orc wizards
  5 worker ants
  4 iguanas
  A wyvern zombie (D:6)
  2 hell rats (Lair:4)
  2 water moccasin zombies (Lair:2)
  3 wyvern skeletons
  A water moccasin skeleton (D:4)
  2 naga simulacra (IceCv)
  2 ogre simulacra (IceCv)
  11 giant cockroaches
  An iron imp (D:4)
  4 bullfrog zombies
  A porcupine zombie (Lair:2)
  3 bullfrog skeletons
  A shadow imp (D:3)
  20 adders
  11 gnolls
  20 sewer rats
  13 white imps
  4 centaur simulacra (IceCv)
  A wolf simulacrum (IceCv)
  10 worms
  9 cinder newts
  8 oozes
  2 dart slugs
  8 leopard geckos
  107 orcs
  2 adder skeletons
  A cinder newt skeleton (D:2)
  6 goblins (D:1)
  5 hobgoblins (D:1)
  9 jackals
  19 kobolds
  8 quokkas
  3 ball pythons
  6 bats
  A goblin skeleton (D:2)
  2 hobgoblin skeletons (D:2)
  A leopard gecko skeleton (D:3)
  A quokka zombie (D:5)
  7 rats
  A rat skeleton (D:2)
  3 bushes
  7 fungi
  7 plants
  8 withered plants (D:2)
905 creatures vanquished.

Vanquished Creatures (others)
  An unseen horror (D:7)
  A black mamba (Lair:3)
  A centaur (Orc:2)
  An orc wizard (Orc:2)
  A bat (D:2)
  A bat skeleton (D:2)
  A kobold skeleton (D:2)
  A bush (Lair:5)
  A fungus (Lair:5)
  15 plants
  91 withered plants (D:2)
115 creatures vanquished.

Grand Total: 1020 creatures vanquished

Table legend:
 A = Turns spent in this place as a percentage of turns spent in the entire game.
 B = Non-inter-level travel turns spent in this place as a percentage of non-inter-level travel turns spent in the entire game.
 C = Inter-level travel turns spent in this place as a percentage of turns spent in this place.
 D = Turns resting spent in this place as a percentage of non-inter-level travel turns spent in this place.
 E = Turns spent auto-exploring this place as a percentage of non-inter-level travel turns spent in this place.
 F = Non-inter-level travel turns spent in this place divided by the number of levels of this place that you've seen.
                   A       B       C       D       E      F
               +-------+-------+-------+-------+-------+----------------------
         Total | 100.0 | 100.0 |   6.6 |  14.9 |  61.2 | 867.3
       Dungeon |  47.6 |  46.6 |   8.6 |  16.9 |  58.1 | 1061.4
        Temple |   1.2 |   0.9 |  28.0 |   0.0 |  98.8 | 172.0
          Lair |  35.2 |  35.7 |   5.3 |   6.0 |  74.9 | 1084.2
  Orcish Mines |   9.3 |   9.6 |   3.4 |  27.7 |  44.3 | 875.0
         Abyss |   0.2 |   0.2 |   0.0 |   0.0 |  60.0 |  35.0
      Ice Cave |   4.7 |   5.0 |   0.0 |  38.6 |  28.4 | 913.0
       Volcano |   1.6 |   1.7 |   0.0 |  15.0 |  39.0 | 313.0
        Market |   0.2 |   0.2 |   0.0 |   0.0 |   0.0 |  35.0
               +-------+-------+-------+-------+-------+----------------------
